 Dungeon Sprint DCSS version 0.24.0-125-gc4c63601f3 (webtiles) character file.

Game seed: 5493126892280821342, levelgen mode: deterministic

1100000 Ponchio the Warrior (level 12, 5/134 HPs)
             Began as a White Draconian Berserker on Mar 4, 2020.
             Was a Believer of Trog.
             Got out of the dungeon alive.
             The game lasted 00:00:52 (11 turns).

Ponchio the Warrior (White Draconian Berserker)       Turns: 11, Time: 00:00:53

Health: 5/134      AC:  8    Str: 20    XL:     12   Next: 96%
Magic:  12/12      EV: 24    Int:  9    God:    Trog [**....]
Gold:   0          SH:  0    Dex: 14    Spells: 11/11 levels left

rFire    . . .     SeeInvis .   i - +∞ Axe of Woe
rCold    + . .     Gourm    .   (shield currently unavailable)
rNeg     . . .     Faith    .   (armour unavailable)
rPois    .         Spirit   .   (helmet restricted)
rElec    .         Reflect  .   (no cloak)
rCorr    .         Harm     .   (no gloves)
MR       .....     NoTele   +   (no boots)
Stlth    +.........             (no amulet)
HPRegen  0.32/turn              (no ring)
MPRegen  0.13/turn              (no ring)

@: no status effects
A: breathe frost, unfitting armour, cold resistance 1, cold-blooded, AC +8
a: Breathe Frost, Berserk, Trog's Hand, Renounce Religion


You escaped.
You worshipped Trog.
Trog was pleased with you.
You were not hungry.

You visited 1 branch

Inventory:

Hand Weapons
 a - a +0 hand axe
 i - the +∞ Axe of Woe (weapon)
   (You found it in the Dungeon)
Scrolls
 h - a scroll of blinking
Potions
 c - a potion of curing
 d - a potion of heal wounds
 e - a potion of haste
 f - 2 potions of magic
 g - a potion of berserk rage
Comestibles
 b - a ration


   Skills:
 + Level 20.3 Fighting
 + Level 19.0 Axes
 + Level 17.6 Dodging


You had 11 spell levels left.
You didn't know any spells.
Your spell library was empty.

Dungeon Overview and Level Annotations

Branches:
Dungeon (1/1)

Altars:
Makhleb


Innate Abilities, Weirdness & Mutations

You can breathe waves of freezing cold.
You can buffet flying creatures when you breathe cold.
Your icy white scales are hard. (AC +8)
You cannot fit into any form of body armour.
Your flesh is cold resistant. (rC+)
You are cold-blooded and may be slowed by cold attacks.


Message History

Your Axes skill gained 3 levels and is now at level 19!
Your Dodging skill gained 2 levels and is now at level 17!
You have reached level 12!
Your experience leads to an increase in your attributes!
Increase (S)trength, (I)ntelligence, or (D)exterity?
You feel agile.
You feel clever.
Your scales feel tougher.
You hear a shout! x6
A bag of meat comes into view. It is wielding a +9 war axe. x2
You hear a shout! x4
Are you sure you want to leave the Dungeon?
This will make you lose the game!
The bag of meat shouts!
You hear a shout! x9
The meat berserker hits you with a +9 battleaxe!!!
You hear a shout! x3
The bag of meat hits you with a +9 war axe!!!
* * * LOW HITPOINT WARNING * * *
You hear a shout!
The bag of meat hits you with a +9 war axe!!
* * * LOW HITPOINT WARNING * * *
You hear a shout!
You have escaped!

.. .. #. .# #..
..# .###..
..###.
......###......
....._.....
#..o..# #_.@o_#
#..Oo.#
....._.....
......###o.....
.###.. ..###.
#.. o.# #. .#
.. ..


You could see a meat berserker (berserk) and 5 bags of meat.

Vanquished Creatures
  2 orcs (D)
2 creatures vanquished.

Notes
Turn   | Place    | Note
-------+----------+-------------------------------------------
     0 | D        | Found the +∞ Axe of Woe
     0 | D        | Ponchio the Draconian Berserker began the quest for the
                  | Orb.
     0 | D        | Reached XP level 1. HP: 19/19 MP: 1/1
     2 | D        | Noticed a bag of meat
     2 | D        | Noticed a bag of meat
     4 | D        | Noticed a bag of meat
     4 | D        | Noticed a bag of meat
     5 | D        | Noticed a bag of meat
     6 | D        | Noticed a bag of meat
     8 | D        | Noticed a meat berserker
     8 | D        | Noticed a bag of meat
     8 | D        | Noticed a bag of meat
     9 | D        | Killed a bag of meat
     9 | D        | Reached skill level 17 in Fighting
     9 | D        | Reached skill level 15 in Dodging
     9 | D        | Reached XP level 2. HP: 52/52 MP: 2/2
     9 | D        | Reached XP level 3. HP: 59/59 MP: 3/3
     9 | D        | Reached XP level 4. HP: 68/68 MP: 4/4
     9 | D        | Reached XP level 5. HP: 74/74 MP: 5/5
     9 | D        | Reached XP level 6. HP: 82/82 MP: 6/6
     9 | D        | Your scales start taking on an icy white colour.
     9 | D        | Reached XP level 7. HP: 89/89 MP: 7/7
     9 | D        | Gained mutation: Your flesh is cold resistant. (rC+) [White
                  | Draconian growth]
     9 | D        | Reached XP level 8. HP: 97/97 MP: 8/8
     9 | D        | Reached XP level 9. HP: 104/104 MP: 9/9
     9 | D        | Reached XP level 10. HP: 112/112 MP: 10/10
     9 | D        | Reached XP level 11. HP: 118/118 MP: 11/11
     9 | D        | Killed a bag of meat
     9 | D        | Reached ** piety under Trog
     9 | D        | Reached skill level 20 in Fighting
     9 | D        | Reached XP level 12. HP: 134/134 MP: 12/12
     9 | D        | Noticed a bag of meat
     9 | D        | Noticed a bag of meat
    10 | D        | HP: 5/134 [bag of meat/+9 war axe (25)]
    11 | D        | Got out of the dungeon alive.

Levels and vault maps discovered:
D:        meatsprint

Skill      XL: |  1  2  3  4  5  6  7  8  9 10 11 |
---------------+----------------------------------+-----
Fighting       | 17 20 | 20.3
Axes           | 16 19 | 19.0
Dodging        | 15 17 | 17.6

Action                   |  1- 3 |  4- 6 |  7- 9 | 10-12 || total
-------------------------+-------+-------+-------+-------++-------
Melee: Executioner's axe |     1 |       |       |       ||     1
